 Dungeon Crawl Stone Soup version 0.31-a0-115-g4708a659fe (webtiles) character file.

Game seed: 15345958634865960210

859 Angani the Digger (level 8, -8/53 (57) HPs)
             Began as a Meteoran Earth Elementalist on May 29, 2023.
             Was an Initiate of Hepliaklqana.
             Mangled by a wight
             ... wielding a +2 scimitar
              (12 damage)
             ... on level 6 of the Dungeon.
             The game lasted 00:09:26 (1105 turns).

Angani the Digger (Meteoran Earth Elementalist)     Turns: 1105, Time: 00:09:26

HP:   -8/53 (57)    AC:  6    Str: 10    XL:     8   Next: 46%
MP:   4/18          EV: 12    Int: 19    God:    Hepliaklqana [......]
Gold: 102           SH:  0    Dex: 14    Spells: 14/20 levels left

rFire   + . .        (no weapon)
rCold   . . .        (no shield)
rNeg    . . .        a - +0 robe
rPois   .            g - +0 helmet
rElec   .            d - +2 cloak
rCorr   .            (no gloves)
SInv    .            (no boots)
Will    +....        (no amulet)
Stlth   +            k - ring of protection from fire
HPRegen 0.28/turn    (no ring)
MPRegen 0.16/turn

%: no passive effects
@: glowing, drained
A: sense surroundings 1, otherworldly, glowing, explore regen
a: Renounce Religion


You were on level 6 of the Dungeon.
You worshipped Hepliaklqana.
Hepliaklqana was noncommittal.
You visited 1 branch of the dungeon, and saw 7 of its levels.

You collected 102 gold pieces.

Inventory:

Armour
 a - a +0 robe (worn)
 d - a +2 cloak (worn)
 g - a +0 helmet (worn)
Jewellery
 k - a ring of protection from fire (left hand)
Scrolls
 h - a scroll of poison {unknown}
 i - 3 scrolls of identify {unknown}
 j - a scroll of brand weapon {unknown}
Potions
 b - a potion of lignification {unknown}
 c - 3 potions of curing
 e - a potion of attraction {unknown}
 f - a potion of berserk rage {unknown}


   Skills:
 - Level 2.4 Dodging
 - Level 1.4 Stealth
 + Level 6.6 Spellcasting
 + Level 5.8 Conjurations
 - Level 1.2 Transmutations
 + Level 7.0 Earth Magic


You had 14 spell levels left.
You knew the following spells:

 Your Spells              Type           Power      Damage    Failure   Level
a - Sandblast             Erth           66%        2d15      1%          1
b - Passwall              Tmut/Erth      18%        N/A       3%          2
c - Stone Arrow           Conj/Erth      60%        3d10      2%          3

Your spell library contained the following spells:

 Spells                   Type           Power      Damage    Failure   Level
 Dazzling Flash           Conj/Hex       34%        N/A       10%         3
 Petrify                  Tmut/Erth      22%        N/A       19%         4
 Agony                    Necr           6%         N/A       96%         5
 Silence                  Hex/Air        3%         N/A       96%         5


Dungeon Overview and Level Annotations

Branches:
Dungeon (7/15) Zot: 3056
 Temple: D:4-7

Altars:
Hepliaklqana


Innate Abilities, Weirdness & Mutations

You passively map a small area around you.
You are easily found by Zot.
You glow in the dark.
You regain HP and MP as you explore.


Message History

Unknown command.
The wight hits you with a +5 short sword.
The wight hits you with a +2 scimitar!
You feel drained.
You climb upwards.
There is a stone staircase leading down here.
Aiming: Stone Arrow (dangerous; 2% risk of failure)
Press: ? - help, Q - select action, (/) - cycle Shift-Dir - straight line, f - wight
Aim: a wight, wielding a +5 short sword and wearing a +0 robe (74% to hit)
The stone arrow hits the wight!
The wight is severely damaged.
The wight hits you with a +2 scimitar!
The wight hits you with a +5 short sword!
Aiming: Stone Arrow (dangerous; 2% risk of failure)
Press: ? - help, Q - select action, (/) - cycle Shift-Dir - straight line, f/p - wight
Aim: a wight, wielding a +5 short sword and wearing a +0 robe (severely damaged, 74% to hit)
The stone arrow misses the wight.
The wight hits you with a +5 short sword!
* * * LOW HITPOINT WARNING * * *
You feel drained.
* * * LOW HITPOINT WARNING * * *
The wight hits you with a +2 scimitar.
* * * LOW HITPOINT WARNING * * *
You feel drained.
Okay, then.
Unknown command.
Okay, then.
Okay, then.
Aiming: Stone Arrow (dangerous; 2% risk of failure)
Press: ? - help, Q - select action, (/) - cycle Shift-Dir - straight line, f/p - wight
Aim: a wight, wielding a +5 short sword and wearing a +0 robe (severely damaged, 74% to hit)
The stone arrow hits the wight.
The wight is almost destroyed.
The wight closely misses you. The wight misses you.
Aiming: Stone Arrow (dangerous; 2% risk of failure)
Press: ? - help, Q - select action, (/) - cycle Shift-Dir - straight line, f/p - wight
Aim: a wight, wielding a +5 short sword and wearing a +0 robe (almost destroyed, 74% to hit)
The stone arrow hits the wight!
You destroy the wight!
The wight hits you with a +2 scimitar!
You die...

* * .##..####.###.
.#* #.
#.#........##. ,,.#
#. , #............
..##. *#.........#.
* ...#* ##........#.
,...## ##........<#.
,
,#.#.###..........#.
*
#)#..#...........#.
,#.@z...............
**, ,**
###.............##.
* #####.##.#.##.# #
,* #.##...##... , ,
* * #.##..####### ,
* * #.##..# ..##..#
* ,,......# *
*#####.#


You could see a wight.

Vanquished Creatures
  A water moccasin (D:6)
  2 ogres
  A phantom (D:5)
  2 scorpions (D:5)
  A wight (D:6)
  A jelly (D:5)
  3 hounds
  An orc priest (D:3)
  An orc wizard (D:3)
  3 iguanas
  A sleepcap (D:6)
  3 gnolls (D:4)
  4 adders
  A white imp (D:5)
  A worm (D:3)
  11 orcs
  3 ball pythons (D:1)
  A bat (D:1)
  2 endoplasms (D:3)
  A giant cockroach (D:4)
  3 goblins
  2 hobgoblins
  4 kobolds
  A quokka (D:1)
  6 rats
60 creatures vanquished.

Notes
Turn   | Place    | Note
-------+----------+-------------------------------------------
     0 | D:1      | Angani the Meteoran Earth Elementalist began the quest for
                  | the Orb.
     0 | D:1      | Reached XP level 1. HP: 14/14 MP: 5/5
    43 | D:1      | Reached XP level 2. HP: 20/20 MP: 2/6
    47 | D:1      | Reached skill level 1 in Conjurations
   156 | D:2      | Reached skill level 4 in Earth Magic
   173 | D:2      | Reached XP level 3. HP: 26/26 MP: 6/8
   196 | D:2      | Learned a level 2 spell: Passwall
   239 | D:3      | Learned a level 3 spell: Stone Arrow
   272 | D:3      | Reached XP level 4. HP: 10/33 MP: 0/10
   290 | D:3      | Reached XP level 5. HP: 14/38 MP: 8/11
   430 | D:4      | Noticed an ogre
   440 | D:4      | Killed an ogre
   441 | D:4      | Reached skill level 5 in Earth Magic
   441 | D:4      | Reached XP level 6. HP: 22/45 MP: 8/14
   517 | D:4      | Reached skill level 5 in Spellcasting
   577 | D:5      | Entered Level 5 of the Dungeon
   647 | D:5      | Reached XP level 7. HP: 50/50 MP: 11/15
   726 | D:5      | Reached skill level 6 in Earth Magic
   738 | D:6      | Noticed a water moccasin
   752 | D:5      | Reached skill level 5 in Conjurations
   804 | D:5      | Reached XP level 8. HP: 57/57 MP: 10/18
   934 | D:5      | Found a hazy altar of Hepliaklqana.
   938 | D:5      | Became a worshipper of Hepliaklqana the Forgotten
  1076 | D:6      | Reached skill level 7 in Earth Magic
  1105 | D:6      | Mangled by a wight

Illustrated notes

Levels and vault maps discovered:
D:1:      wander_arrival_peaceful_grave, layout_basic, grunt_decor_junction
D:2:      layout_rooms, hellmonk_ecumenical_altar_watching_god, hex_intersection
D:3:      layout_basic, uniq_terence
D:4:      layout_basic
D:5:      layout_loops_ring, nicolae_hepliaklqana_hippocampus
D:6:      layout_loops_ring, grunt_temple_overflow_lords_of_destruction,
          mainiacjoe_overflow_alcove_4, mainiacjoe_overflow_six_doors_small,
          minmay_temple_entry_wispy
D:7:      layout_basic, uniq_pikel

Skill      XL: |  1  2  3  4  5  6  7  8 |
---------------+-------------------------+-----
Spellcasting   | 3 4 5 6 |  6.6
Conjurations   | 1 2 3 4 5 |  5.8
Earth Magic    | 4 5 6 7 |  7.0
Dodging        | |  2.4
Stealth        | |  1.4
Transmutations | |  1.2

Action                     |  1- 3 |  4- 6 |  7- 9 || total
---------------------------+-------+-------+-------++-------
  Melee: Unarmed           |     8 |       |     1 ||     9
   Cast: Sandblast         |    30 |    42 |       ||    72
         Stone Arrow       |       |     3 |    33 ||    36
         Passwall          |       |       |     5 ||     5
    Use: Potion            |       |     2 |       ||     2
 Armour: Robe              |     4 |     7 |     2 ||    13
  Dodge: Dodged            |    12 |    16 |     7 ||    35

Table legend: (Time is in decaauts)
 A = Elapsed time spent in this place.
 B = Non-inter-level travel time spent in this place.
 C = Inter-level travel time spent in this place.
 D = Time resting spent in this place.
 E = Time spent auto-exploring this place.
 F = Levels seen in this place.
 G = Mean time per level.
                   A        B        C        D        E       F      G
               +--------+--------+--------+--------+--------+-----+--------+
         Total |   1142 |   1067 |     75 |      0 |      0 |   7 |  163.1 |
       Dungeon |   1142 |   1067 |     75 |      0 |      0 |   7 |  163.1 |
               +--------+--------+--------+--------+--------+-----+--------+

Top non-repeatable levels by time:
     D:5: 470 daAuts
     D:3: 204 daAuts
     D:4: 179 daAuts
     D:1: 159 daAuts
     D:2: 75 daAuts
     D:6: 51 daAuts
     D:7: 2 daAuts
